 Dungeon Crawl Stone Soup version 0.23.0 (webtiles) character file.

Game seed: 1798746339944159421

942 LostNumber the Insei (level 7, -5/48 HPs)
             Began as a Demonspawn Transmuter on Feb 11, 2019.
             Was a Believer of Hepliaklqana.
             Slain by a killer bee (9 damage)
             ... on level 6 of the Dungeon.
             The game lasted 00:10:48 (6323 turns).

LostNumber the Insei (Demonspawn Transmuter)        Turns: 6323, Time: 00:10:49

Health: -5/48      AC:  4    Str: 11    XL:     7   Next: 88%
Magic:  0/12       EV: 13    Int: 16    God:    Hepliaklqana [**....]
Gold:   350        SH:  0    Dex: 13    Spells: 3/13 levels left

rFire    . . .     SeeInvis .     - Unarmed
rCold    + . .     Gourm    .   (no shield)
rNeg     . . .     Faith    .   b - +0 robe
rPois    .         Spirit   +   (helmet restricted)
rElec    .         Reflect  .   C - scarf {cloud immunity}
rCorr    .         Harm     .   (no gloves)
MR       .....                  (boots currently unavailable)
Stlth    +.........             y - amulet of regeneration
HPRegen  0.56/turn              o - ring of protection from cold
MPRegen  0.13/turn              (no ring)

@: lethally poisoned (-5 -> -6), appendage, studying Fighting, invisible
A: reduced essence, horns 2, talons 3, yellow scales 1, magic shield
a: End Transformation, Recall Ancestor, Ancestor Identity, Renounce Religion


You were on level 6 of the Dungeon.
You worshipped Hepliaklqana.
Hepliaklqana was pleased with you.
You were not hungry.
You had grown temporary talons.
You visited 1 branch of the dungeon, and saw 7 of its levels.

You collected 405 gold pieces.
You spent 55 gold pieces at shops.

Inventory:

Missiles
 a - 103 arrows
Armour
 b - a +0 robe (worn)
 r - a +0 scale mail of cold resistance
   (You took it off Terence on level 2 of the Dungeon)
 C - a scarf of cloud immunity (worn)
   (You found it on level 5 of the Dungeon)
Jewellery
 o - a ring of protection from cold (left hand)
   (You found it on level 4 of the Dungeon)
 y - an amulet of regeneration (around neck)
   (You found it on level 3 of the Dungeon)
Wands
 t - a wand of flame (21)
   (You found it on level 5 of the Dungeon)
Scrolls
 i - a scroll of noise {unknown}
 j - a scroll of blinking {unknown}
 k - a scroll of enchant weapon {unknown}
 l - 6 scrolls of remove curse {@r2}
 m - a scroll of immolation {unknown}
 p - 2 scrolls of enchant armour {unknown}
 u - 5 scrolls of teleportation {@r4}
 v - 2 scrolls of amnesia {unknown}
 w - a scroll of random uselessness {unknown}
 z - a scroll of fog {unknown}
Potions
 c - 4 potions of flight
 d - a potion of magic {unknown}
 f - a potion of lignification {unknown}
 g - a potion of invisibility
 n - 4 potions of curing {@q1}
 q - a potion of heal wounds {unknown}
 s - a potion of mutation {unknown}
 x - 2 potions of resistance
 A - a potion of degeneration {unknown}
 B - a potion of agility {unknown}
Books
 D - a manual of Fighting {!d}
   (You found it on level 5 of the Dungeon)
Comestibles
 e - 14 rations {!d}
 h - 4 chunks of flesh


   Skills:
 + Level 4.0 Fighting
 + Level 3.6 Dodging
 * Level 5.3 Unarmed Combat
 + Level 3.6 Spellcasting
 + Level 3.5 Transmutations
 + Level 1.6 Ice Magic
 - Level 1.0 Poison Magic


You had 3 spell levels left.
You knew the following spells:

 Your Spells              Type           Power        Failure   Level  Hunger
a - Beastly Appendage     Tmut           ##....       4%          1    None
c - Ice Form              Ice/Tmut       ##......     52%         4    ####...
s - Sticks to Snakes      Tmut           ##......     6%          2    ##.....
x - Spider Form           Tmut/Pois      ##........   21%         3    ###....

Your spell library contained the following spells:

 Spells                   Type           Power        Failure   Level  Hunger
 Blade Hands              Tmut           ##........   75%         5    ######.


Dungeon Overview and Level Annotations

Branches:
Dungeon (7/15)             Temple (0/1) D:5

Altars:
Dithmenos
Hepliaklqana
Ru
Sif Muna
Yredelemnul
Zin

Shops:
D:5 ?

Annotations:
D:4 1 runed translucent door, Raymar's ghost, amateur HuNe


Innate Abilities, Weirdness & Mutations

You have a pair of horns on your head.
You are partially covered in yellow scales. (AC +2)
When hurt, damage is shared between your health and your magic reserves.
Your life essence is reduced to manifest your ancestor. (-10% HP)
You have claws for feet.


Message History

There is a stone staircase leading up, spattered with blood here.
The killer bee stings you.
The killer bee stings Æthelred!
The killer bee stings you. x2
* * * LOW HITPOINT WARNING * * *
The killer bee stings Æthelred.
The killer bee barely misses you. Æthelred gestures at the killer bee while chanting.
The killer bee appears confused.
The phantom barely misses you.
You climb upwards.
There is a stone staircase leading down here.
Unknown command.
Unknown command.
You swap places.
The killer bee barely misses Æthelred.
The killer bee stings you!
* * * LOW HITPOINT WARNING * * *
The killer bee stings Æthelred!
The killer bee misses you. Æthelred misses the killer bee.
The phantom hits you.
* * * LOW HITPOINT WARNING * * *
Found a stone staircase leading down.
Your feet morph into talons.
The killer bee barely misses Æthelred.
The killer bee completely misses you.
The killer bee stings Æthelred but does no damage.
The killer bee barely misses you. Æthelred misses the killer bee.
The phantom blinks!
Unknown command.
You closely miss the killer bee.
The killer bee closely misses you. x2 Æthelred points at the killer bee and mumbles some strange words.
The killer bee resists with significant effort.
The killer bee closely misses you.
Unknown command.
You hit the killer bee. The killer bee barely misses you.
The killer bee stings you.
* * * LOW HITPOINT WARNING * * *
The killer bee stings you.
* * * LOW HITPOINT WARNING * * *
Æthelred closely misses the killer bee.
The killer bee barely misses you.
You feel better. The killer bee stings you.
* * * LOW HITPOINT WARNING * * *
The killer bee stings you!
* * * LOW HITPOINT WARNING * * *
You are poisoned.
The killer bee poisons you! The killer bee stings you.
* * * LOW HITPOINT WARNING * * *
Æthelred hits the killer bee with a +0 dagger of draining.
The killer bee stings Æthelred.
You fade into invisibility!
You feel sick. The killer bee closely misses you.
The killer bee stings Æthelred. Æthelred is destroyed!
The killer bee stings you!
You die...

.#######)).......
.................
########...#####.
###.# #.# #.# #
.#####.########..#
..........>y......>
......>...y@.W..$.#
...##...########.##
#. #...# .....#
.....## >###.. #..


You could see a phantom and 2 killer bees.

Vanquished Creatures
  A sky beast (D:5)
  A howler monkey (D:4)
  A bullfrog zombie (D:5)
  A hound (D:5)
  3 orc wizards
  An iguana (D:5)
  Terence (D:2)
  A worker ant (D:5)
  A hound skeleton (D:6)
  A mummy (D:6)
  5 adders
  An ooze (D:1)
  A worm (D:3)
  4 dart slugs
  3 leopard geckos
  12 orcs
  2 giant cockroaches
  10 goblins
  8 hobgoblins
  A quokka (D:5)
  A ball python (D:4)
  11 bats
  6 frilled lizards
  A giant cockroach zombie (D:5)
  A jackal skeleton (D:5)
  3 kobolds
  A kobold zombie (D:6)
  An orc zombie (D:6)
  9 rats
93 creatures vanquished.

Vanquished Creatures (collateral kills)
  Duvessa (D:5)
  An ogre (D:4)
  Dowan (D:5)
  A killer bee (D:6)
  A howler monkey (D:7)
  An orc wizard (D:5)
  An iguana (D:5)
  A worker ant (D:4)
  2 adders
  A worm (D:3)
  An orc (D:4)
  2 giant cockroaches (D:4)
  A hobgoblin (D:3)
  A kobold (D:2)
  A quokka (D:5)
  2 orc zombies (D:6)
19 creatures vanquished.

Vanquished Creatures (others)
  2 hexers (D:6)
  2 ancestors (D:2)
4 creatures vanquished.

Grand Total: 116 creatures vanquished

Notes
Turn   | Place    | Note
-------+----------+-------------------------------------------
     0 | D:1      | LostNumber the Demonspawn Transmuter began the quest for
                  | the Orb.
     0 | D:1      | Reached XP level 1. HP: 15/15 MP: 3/3
   500 | D:1      | Gained mutation: You are partially covered in yellow
                  | scales. (AC +2) [demonic ancestry]
   500 | D:1      | Reached XP level 2. HP: 21/21 MP: 5/5
   567 | D:1      | Learned a level 2 spell: Sticks to Snakes
   753 | D:1      | Reached skill level 3 in Unarmed Combat
  1263 | D:2      | Gained mutation: When hurt, damage is shared between your
                  | health and your magic reserves. [demonic ancestry]
  1263 | D:2      | Reached XP level 3. HP: 26/26 MP: 6/6
  1300 | D:2      | Learned a level 3 spell: Spider Form
  1533 | D:2      | Found a glowing silver altar of Zin.
  1639 | D:2      | Found a hazy altar of Hepliaklqana.
  1640 | D:2      | Found a deep blue altar of Sif Muna.
  1659 | D:2      | Became a worshipper of Hepliaklqana the Forgotten
  1807 | D:2      | Noticed Terence
  2270 | D:2      | Killed Terence
  2270 | D:2      | Gained mutation: You have a pair of small horns on your
                  | head. [demonic ancestry]
  2270 | D:2      | Reached XP level 4. HP: 9/28 MP: 1/7
  3205 | D:3      | Reached skill level 1 in Poison Magic
  3206 | D:3      | Found a basalt altar of Yredelemnul.
  3428 | D:3      | Reached * piety under Hepliaklqana
  3551 | D:3      | Gained mutation: You have a pair of horns on your head.
                  | [demonic ancestry]
  3551 | D:3      | Reached XP level 5. HP: 26/34 MP: 1/8
  4166 | D:4      | Found a runed translucent door.
  4168 | D:4      | Noticed Raymar's ghost (amateur HuNe)
  4182 | D:4      | Reached skill level 4 in Unarmed Combat
  4183 | D:4      | Noticed an ogre
  4208 | D:4      | Killed an ogre
  4208 | D:4      | Reached XP level 6. HP: 11/41 MP: 1/10
  4811 | D:4      | Found a shadowy altar of Dithmenos.
  5007 | D:5      | Entered Level 5 of the Dungeon
  5013 | D:5      | Learned a level 4 spell: Ice Form
  5064 | D:5      | Reached ** piety under Hepliaklqana
  5065 | D:5      | Remembered your ancestor Æthelred as a hexer
  5329 | D:5      | Found Meoff's Magic Scroll Shop.
  5335 | D:5      | Bought a scroll of teleportation for 33 gold pieces
  5335 | D:5      | Bought a scroll of identify for 22 gold pieces
  5349 | D:5      | Found a staircase to the Ecumenical Temple.
  5508 | D:5      | Reached XP level 7. HP: 39/46 MP: 7/11
  5536 | D:5      | Found a sacrificial altar of Ru.
  5568 | D:5      | Noticed Duvessa
  5569 | D:5      | Noticed Dowan
  5580 | D:5      | Killed Dowan
  5585 | D:5      | Killed Duvessa
  5585 | D:5      | Reached skill level 1 in Ice Magic
  5642 | D:5      | Reached skill level 5 in Unarmed Combat
  5994 | D:6      | Noticed a gargoyle
  6323 | D:6      | Slain by a killer bee

Skill      XL: |  1  2  3  4  5  6  7 |
---------------+----------------------+-----
Dodging        | 2 3 |  3.6
Transmutations | 2 3 |  3.5
Unarmed Combat | 3 4 5 |  5.3
Poison Magic   | 1 |  1.0
Fighting       | 2 3 4 |  4.0
Spellcasting   | 3 |  3.6
Ice Magic      | 1 |  1.6

Action                   |  1- 3 |  4- 6 |  7- 9 || total
-------------------------+-------+-------+-------++-------
Melee: Unarmed           |   149 |   185 |    74 ||   408
       Headbutt          |     5 |    15 |     7 ||    27
       Kick              |     1 |     8 |     8 ||    17
       Punch             |       |     3 |     1 ||     4
 Cast: Beastly Appendage |     8 |     9 |     6 ||    23
       Spider Form       |     2 |     6 |     2 ||    10
       Sticks to Snakes  |     1 |     1 |     3 ||     5
Invok: Recall Ancestor   |     2 |     1 |       ||     3
       Ancestor Life: He |       |     1 |       ||     1
  Use: Scroll            |       |     6 |     1 ||     7
       Potion            |       |       |     2 ||     2
 Stab: Sleeping          |     3 |       |     1 ||     4
       Distracted        |       |     2 |       ||     2
  Eat: Chunk             |     4 |     9 |     3 ||    16
       Ration            |       |     1 |       ||     1
Armor: Robe              |    48 |    29 |     3 ||    80
       Skin              |       |     1 |       ||     1
Dodge: Dodged            |   126 |   141 |    54 ||   321
